 Dungeon Crawl Stone Soup version 0.31.0-9-g3a7656b989 (webtiles) character file.

Game seed: 5181409418624766037

28 qw the Shooter (level 2, 0/14 HPs)
             Began as a Spriggan Hunter on Feb 2, 2024.
             Slain by a cerulean imp
             ... wielding a +1 spear
             ... summoned by Natasha
              (4 damage)
             ... on level 2 of the Dungeon.
             The game lasted 00:00:03 (789 turns).

qw the Shooter (Spriggan Hunter)                     Turns: 789, Time: 00:00:03

Health: 0/14       AC:  2    Str:  7    XL:     2   Next: 96%
Magic:  3/3        EV: 19    Int: 10    God:
Gold:   62         SH:  0    Dex: 18    Spells: 1/1 levels left

rFire   . . .        a - +0 shortbow
rCold   . . .        (shield currently unavailable)
rNeg    . . .        c - +0 robe
rPois   .            (helmet restricted)
rElec   .            (no cloak)
rCorr   .            (gloves unavailable)
SInv    +            (boots unavailable)
Will    .....        (no amulet)
Stlth   ++           (no ring)
HPRegen 0.22/turn    (no ring)
MPRegen 0.08/turn

%: no passive effects
@: slowed, quick
A: very small, no large weapons, unfitting armour, see invisible, speed 3
a: no special abilities


You were on level 2 of the Dungeon.
You visited 1 branch of the dungeon, and saw 2 of its levels.

You collected 62 gold pieces.


Innate Abilities, Weirdness & Mutations

You are very small and have problems with some larger weapons.
You are too small for most types of armour.
You have supernaturally acute eyesight. (SInv)
You cover ground extremely quickly. (Speed+++)


   Skills:
 - Level 1.5 Fighting
 + Level 4.4 Ranged Weapons
 - Level 4.0 Dodging
 - Level 1.5 Stealth


You had one spell level left.
You didn't know any spells.
Your spell library was empty.

Inventory:

Hand Weapons
 a - a +0 shortbow (weapon)
Armour
 c - a +0 robe (worn)
Potions
 d - a potion of enlightenment {unknown}
 e - a potion of lignification {unknown}
 f - a potion of curing {unknown}
 g - a potion of might {unknown}

Dungeon Overview and Level Annotations

Branches:
Dungeon (2/15)

Altars:

Annotations:
D:2 Natasha


Message History

You feel yourself slow down.
A ball python comes into view.
You shoot an arrow. The arrow hits Natasha.
Natasha is moderately wounded.
Natasha completely misses you.
Natasha casts a spell.
You shoot an arrow. The arrow closely misses Natasha.
Natasha stares at you and mumbles some strange words.
You resist with some effort.
The cerulean imp hits you with a +1 spear.
You shoot an arrow. The arrow barely misses Natasha.
Natasha misses you. The cerulean imp misses you. Natasha closely misses you.
The cerulean imp barely misses you. The ball python closely misses you. x2
You shoot an arrow. The arrow barely misses Natasha.
The ball python misses you. x2; Natasha closely misses you.
The cerulean imp barely misses you.
A ball python comes into view.
The ball python bites you but does no damage.
The ball python completely misses you. Natasha misses you.
The cerulean imp barely misses you.
784 ||| RETREEEEATING.
The ball python attacks as it pursues you!
The ball python bites you. The ball python grabs you.
The ball python constricts you.
The cerulean imp hits you with a +1 spear.
785 ||| RETREEEEATING.
You escape the ball python's grasp.
The cerulean imp hits you but does no damage.
The ball python barely misses you. The ball python misses you.
786 ||| RETREEEEATING.
Natasha attacks as she pursues you! Natasha closely misses you.
The ball python closely misses you. The ball python completely misses you.
The cerulean imp completely misses you.
787 ||| RETREEEEATING.
Natasha closely misses you.
788 ||| RETREEEEATING.
You shoot an arrow. The arrow hits Natasha.
Natasha is moderately wounded.
Natasha misses you.
The cerulean imp hits you from afar with a +1 spear.
You die...

#########
........#
#######'##
.........#
.........# #.#
..S......## #.#
.(......5h##
#.#
.........S@###
#.#
.........#..[##
#.#
.........###..#
#.# .........#
##.###.#
.........#
#..#..#
##########
###.#.##
#######.#.>.#
#.......##.##
#.#####.##.#


You could see Natasha, a cerulean imp (summoned) and a ball python.

Vanquished Creatures
  2 dart slugs (D:2)
  3 endoplasms (D:1)
  3 giant cockroaches (D:1)
  A goblin (D:1)
  A hobgoblin (D:1)
  2 quokkas (D:1)
  2 ball pythons (D:1)
  2 bats
  A frilled lizard (D:1)
  2 kobolds (D:1)
  4 rats (D:1)
23 creatures vanquished.

Notes
Turn   | Place    | Note
-------+----------+-------------------------------------------
     0 | D:1      | qw the Spriggan Hunter began the quest for the Orb.
     0 | D:1      | Reached XP level 1. HP: 10/10 MP: 2/2
     0 | D:1      | 0 ||| qw: Version: 0.3-a-155-g5e7d8dd
     0 | D:1      | 0 ||| qw: Game counter: 1538
     0 | D:1      | 0 ||| qw: Melee chars always use a shield: true
     0 | D:1      | 0 ||| qw: God list: Okawaru
     0 | D:1      | 0 ||| qw: Allow faded altars: false
     0 | D:1      | 0 ||| qw: Do Orc after clearing Dungeon:15 true
     0 | D:1      | 0 ||| qw: Do second Lair branch before Depths: true
     0 | D:1      | 0 ||| qw: Lair rune preference: random
     0 | D:1      | 0 ||| qw: Goals: Normal
     0 | D:1      | 0 ||| PLANNING D:1-11
    22 | D:1      | Reached skill level 3 in Dodging
   112 | D:1      | Reached XP level 2. HP: 14/14 MP: 3/3
   578 | D:1      | 578 ||| DROPPING scroll of butterflies.
   778 | D:2      | Noticed Natasha
   784 | D:2      | 784 ||| RETREEEEATING.
   784 | D:2      | HP: 3/14 [cerulean imp/+1 spear[Natasha] (5)]
   785 | D:2      | 785 ||| RETREEEEATING.
   786 | D:2      | 786 ||| RETREEEEATING.
   787 | D:2      | 787 ||| RETREEEEATING.
   788 | D:2      | 788 ||| RETREEEEATING.
   789 | D:2      | Slain by a cerulean imp

Levels and vault maps discovered:
D:1:      dpeg_arrival_windows_large_door, layout_rooms, serial_forest,
          infiniplex_forest_lined_2, infiniplex_forest_lined_room_2,
          infiniplex_forest_split, infiniplex_forest_corner_1,
          infiniplex_forest_end_1, serial_bayou_crossing
D:2:      layout_basic, uniq_natasha

Skill      XL: |  1  2 |
---------------+-------+-----
Dodging        | 3 4 |  4.0
Fighting       | |  1.5
Ranged Weapons | |  4.4
Stealth        | |  1.5

Action                     || total
---------------------------++-------
   Fire: Shortbow          ||    76
 Armour: Robe              ||     8
  Dodge: Dodged            ||    36

Table legend:
 A = Non-vault XP
 B = Vault XP
 C = Vault XP percentage of total XP
 D = Non-vault monster count
 E = Vault monster count
 F = Vault count percentage of total count
                 A         B        C        D         E       F
            +---------+---------+-------+---------+---------+-------
      Total |      40 |       0 |   0.0 |      23 |       0 |   0.0
            +---------+---------+-------+---------+---------+-------
        D:1 |      31 |       0 |   0.0 |      20 |       0 |   0.0
        D:2 |       9 |       0 |   0.0 |       3 |       0 |   0.0
            +---------+---------+-------+---------+---------+-------
